Map: Frozen Temple

Players

Kelazhur

  • Race: Terran Terran

RuFF

  • Race: Terran Terran
  • League: Grandmaster

Event: Cheesadelphia Summer 2016

VOD

Have the link to the VOD?

Description

Time

  • Played on: July 24, 2016, 3:32 p.m.
  • Length: 3:56

All games in this series

Show
View Real Time Build Order
Export as new Build Order

Kelazhur Terran 

Build Orders: Reaper Expand 

Get SALT Encoding   

  12  0:00  SCV  
  13  0:13  SCV  
  14  0:17  Supply Depot  
  14  0:25  SCV  
  14  0:28  Refinery  
  15  0:38  SCV  
  16  0:44  Barracks  
  16  0:50  SCV  
  17  1:03  SCV  
  18  1:15  SCV  
  19  1:32  Reaper, Orbital Command  
  20  1:45  Command Center  
  20  1:56  Factory  
  20  2:00  SCV  
  21  2:06  Reaper  
  22  2:10  Supply Depot  
  22  2:14  SCV  
  23  2:19  Refinery  
  23  2:31  SCV  
  24  2:44  Hellion, SCV  
  27  2:47  Bunker  
  27  2:49  Starport  
  27  2:50  Barracks Tech Lab  
  27  2:56  SCV  
  28  3:01  Orbital Command  
  28  3:10  SCV  
  29  3:22  Cyclone, SCV  
  29  3:25  Viking  
  36  3:30  Supply Depot  
  36  3:31  SCV  
  36  3:33  Barracks Reactor  
  37  3:35  SCV  
  38  3:43  SCV  
  40  3:50  Supply Depot  
Show
View Real Time Build Order
Export as new Build Order

RuFF Terran 

Build Orders: 1/1/1, Hellion Opening 

Get SALT Encoding   

  12  0:00  SCV  
  13  0:13  Supply Depot  
  13  0:18  Refinery  
  13  0:23  SCV  
  14  0:39  Barracks  
  14  0:42  SCV  
  15  0:54  SCV  
  16  1:06  SCV  
  17  1:18  SCV  
  18  1:26  Marine, Factory  
  18  1:30  Orbital Command  
  19  1:44  Supply Depot  
  19  1:45  Barracks Reactor  
  19  1:52  Refinery  
  19  1:57  SCV  
  20  2:15  SCV  
  21  2:26  Starport  
  21  2:28  Hellion x2  
  25  2:32  Supply Depot  
  24  2:45  Factory  
  24  2:49  Hellion  
  26  2:51  Hellion  
  28  3:02  Starport Tech Lab  
  28  3:20  Hellion x2  
  32  3:34  Factory Tech Lab  
  32  3:38  SCV  
Tags
 
Add a new tag
Caveats
  • Supply blocks, unpowered buildings, or Contaminate may cause inaccurate times.
  • Supply counts are checked every 10 seconds.